 Dungeon Crawl Stone Soup version 0.32-a0-913-g739538afd8 (webtiles) character file.

Game seed: 13100323793515331627

70 BassonBusker the Poker (level 4, -2/41 HPs)
             Began as a Minotaur Berserker on Apr 8, 2024.
             Was a Believer of Trog.
             Slain by Sigmund
             ... wielding a +0 scythe
              (5 damage)
             ... on level 3 of the Dungeon.
             The game lasted 00:14:44 (1756 turns).

BassonBusker the Poker (Minotaur Berserker)         Turns: 1756, Time: 00:14:44

Health: -2/41      AC: 13    Str: 23    XL:     4   Next: 4%
Magic:  3/3        EV:  6    Int:  4    God:    Trog [**....]
Gold:   106        SH:  0    Dex: 10    Spells: 3/3 levels left

rFire   . . .        a - +0 spear
rCold   . . .        (no shield)
rNeg    . . .        d - +0 plate armour
rPois   .            (helmet restricted)
rElec   .            q - +0 cloak
rCorr   .            e - +0 pair of gloves
SInv    .            (no boots)
Will    .....        h - amulet of faith Stlth
                     (no ring)
HPRegen 0.26/turn    (no ring)
MPRegen 0.08/turn

%: faith
@: confused
A: horns 2, retaliatory headbutt
a: Renounce Religion, Berserk, Trog's Hand


You were on level 3 of the Dungeon.
You worshipped Trog.
Trog was pleased with you.
You visited 1 branch of the dungeon, and saw 3 of its levels.

You collected 136 gold pieces.
You spent 30 gold pieces at shops.

Inventory:

Hand Weapons
 a - a +0 spear (weapon)
 c - a +0 sling
 r - a +0 spear
 s - a +0 short sword of electrocution
Missiles
 k - 10 stones (quivered)
Armour
 b - a +0 animal skin
 d - a +0 plate armour (worn)
 e - a +0 pair of gloves (worn)
 l - a +0 robe of fire resistance
 o - a +0 scale mail
 q - a +0 cloak (worn)
 v - an orb of energy
 x - a +0 ring mail
Jewellery
 h - an amulet of faith (around neck)
 n - a ring of ice
Scrolls
 f - a scroll of revelation {unknown}
 g - a scroll of fear {unknown}
 i - a scroll of teleportation {unknown}
 j - 2 scrolls of summoning {unknown}
 p - a scroll of noise {unknown}
 t - a scroll of vulnerability {unknown}
 u - a scroll of identify {unknown}
Potions
 m - 2 potions of curing
 w - a potion of lignification {unknown}


   Skills:
 + Level 4.4 Fighting
 + Level 4.5 Polearms
 + Level 3.2 Armour
 + Level 2.7 Dodging


You had 3 spell levels left.
You didn't know any spells.
Your spell library contained the following spells:

 Spells                   Type           Power      Damage    Failure   Level
 Sandblast                Erth           0%         2d4       100%        1
 Blink                    Tloc           0%         N/A       100%        2
 Lesser Beckoning         Tloc           0%         N/A       100%        2
 Momentum Strike          Conj/Tloc      0%         3d8       100%        2
 Stone Arrow              Conj/Erth      0%         3d7       100%        3
 Brom's Barrelling Bould  Conj/Erth      0%         2d3       100%        4


Dungeon Overview and Level Annotations

Branches:
Dungeon (3/15)

Altars:

Shops:
D:2 !

Annotations:
D:3 Sigmund


Innate Abilities, Weirdness & Mutations

You have a pair of horns on your head.
You reflexively headbutt those who attack you in melee.


Message History

Your headbutt misses something. You miss something. Something hits you!
A jackal comes into view.
You barely miss something.
The jackal pauses to sniff the ground.
You hear some strange, mumbled words.
Something tries to affect you, but you resist.
You hit something.
A bat comes into view.
You hit something. Something hits you.
You hit something but do no damage. The jackal barely misses you.
Something hits you.
* * * LOW HITPOINT WARNING * * *
The jackal bites you but does no damage.
You barely miss something. Your headbutt misses something.
The bat hits you but does no damage.
The jackal bites you but does no damage.
You hit something. The bat barely misses you. The jackal closely misses you.
You furiously retaliate!
You headbutt the jackal.
You kill the jackal!
Trog accepts your kill. Something hits you!
* * * LOW HITPOINT WARNING * * *
The jackal bites you but does no damage.
You miss something. The bat hits you but does no damage.
The jackal bites you but does no damage.
You hit something. The bat hits you but does no damage.
The jackal bites you but does no damage.
Something hits you.
* * * LOW HITPOINT WARNING * * *
The bat hits you but does no damage.
The jackal bites you but does no damage.
You miss something. Your headbutt misses something.
The bat hits you but does no damage.
The jackal bites you but does no damage.
You hear some strange, mumbled words.
You are confused.
The bat hits you but does no damage. x2; The jackal attacks as it pursues you!
The jackal barely misses you. Something hits you.
You die...

....###.##...
.........(.....# #.####.
...............###..# ##
....>........#$.###.####
..............).# #.##..
................###.##..
........................
.................##.....
.....#@#...#.######.###
......h{b............#
........)............###
........................
......................#.
####.#..................
#..#...>..............
.......................
#.###..................


You could see a jackal and a bat.

Vanquished Creatures
  3 adders (D:2)
  A dart slug (D:2)
  An orc (D:3)
  5 endoplasms
  2 giant cockroaches (D:2)
  2 goblins (D:1)
  4 hobgoblins
  4 jackals
  3 kobolds
  2 quokkas
  2 ball pythons (D:1)
  4 bats
  2 frilled lizards
  2 rats (D:1)
37 creatures vanquished.

Notes
Turn   | Place    | Note
-------+----------+-------------------------------------------
     0 | D:1      | BassonBusker the Minotaur Berserker began the quest for the
                  | Orb.
     0 | D:1      | Reached XP level 1. HP: 19/19 MP: 0/0
   119 | D:1      | Reached XP level 2. HP: 5/27 MP: 1/1
   998 | D:2      | Reached XP level 3. HP: 33/33 MP: 2/2
  1004 | D:2      | Reached ** piety under Trog
  1066 | D:2      | Found Neucuh's Distillery.
  1073 | D:2      | Bought a potion of curing for 30 gold pieces
  1724 | D:3      | Noticed Sigmund
  1734 | D:3      | Reached XP level 4. HP: 33/41 MP: 3/3
  1756 | D:3      | Slain by Sigmund

Illustrated notes

Levels and vault maps discovered:
D:1:      dpeg_chamrin_arrival_tetris, layout_basic, dk_noncrumbling_4
D:2:      layout_loops_ring, serial_shops, shop
D:3:      layout_rooms, pdpol_wu_jian_five_deadly_venoms,
          ebering_ecumenical_altar_webs, minmay_misc_feat_encased, uniq_grinder,
          uniq_sigmund, uniq_crazy_yiuf_cottage

Skill      XL: |  1  2  3 |
---------------+----------+-----
Polearms       | 4 |  4.5
Fighting       | 4 |  4.4
Armour         | 3 |  3.2
Dodging        | |  2.7

Action                     |  1- 3 |  4- 6 || total
---------------------------+-------+-------++-------
  Melee: Spear             |   109 |    16 ||   125
         Headbutt          |    14 |       ||    14
 Armour: Plate armour      |    96 |    27 ||   123
         Animal skin       |     5 |       ||     5
  Dodge: Dodged            |    31 |     4 ||    35

Table legend: (Time is in decaauts)
 A = Elapsed time spent in this place.
 B = Non-inter-level travel time spent in this place.
 C = Inter-level travel time spent in this place.
 D = Time resting spent in this place.
 E = Time spent auto-exploring this place.
 F = Levels seen in this place.
 G = Mean time per level.
                   A        B        C        D        E       F      G
               +--------+--------+--------+--------+--------+-----+--------+
         Total |   1741 |   1329 |    412 |    189 |    864 |   3 |  580.3 |
       Dungeon |   1741 |   1329 |    412 |    189 |    864 |   3 |  580.3 |
               +--------+--------+--------+--------+--------+-----+--------+

Top non-repeatable levels by time:
     D:2: 835 daAuts
     D:1: 800 daAuts
     D:3: 106 daAuts
